 Dungeon Crawl Stone Soup version 0.22.0-27-ga576289601 (webtiles) character file.

399 Loge the Ruffian (level 6, -1/59 HPs)
             Began as a Troll Monk on Aug 22, 2018.
             Was a Believer of Makhleb.
             Slain by a centaur (3 damage)
             ... on level 5 of the Dungeon.
             The game lasted 00:08:53 (2998 turns).

Loge the Ruffian (Troll Monk)                       Turns: 2998, Time: 00:08:54

Health: -1/59      AC:  8    Str: 21    XL:     6   Next: 54%
Magic:  5/6        EV: 10    Int:  6    God:    Makhleb [**....]
Gold:   266        SH:  0    Dex: 13    Spells: 5/5 levels left

rFire    + . .     SeeInvis .     - Unarmed
rCold    . . .     Gourm    +   (no shield)
rNeg     . . .     Faith    .   a - +0 robe
rPois    .         Spirit   .   (helmet restricted)
rElec    .         Reflect  .   m - +2 cloak
rCorr    .         Harm     .   (gloves unavailable)
MR       +....                  (boots unavailable)
Stlth    ++........             (no amulet)
HPRegen  0.59/turn              c - ring of protection from fire
MPRegen  0.10/turn              t - ring of protection from magic

@: no status effects
A: large, unfitting armour, claws 3, fast metabolism 3, gourmand, regeneration
1, shaggy fur 1, tough skin 2
a: Minor Destruction, Renounce Religion


You were on level 5 of the Dungeon.
You worshipped Makhleb.
Makhleb was pleased with you.
You were completely stuffed.

You visited 2 branches of the dungeon, and saw 6 of its levels.

You collected 266 gold pieces.

Inventory:

Missiles
 g - 142 stones (quivered)
 j - 10 tomahawks
 B - 17 poisoned needles
Armour
 a - a +0 robe (worn)
 m - a +2 cloak (worn)
 p - a +1 cloak
Jewellery
 c - a ring of protection from fire (left claw)
 l - an uncursed ring of stealth
 o - an uncursed ring of wizardry
 t - a ring of protection from magic (right claw)
 x - an uncursed ring of protection from fire
Scrolls
 h - a scroll of enchant armour {unknown}
 n - 2 scrolls of amnesia {unknown}
 r - 3 scrolls of enchant weapon {unknown}
 s - 6 scrolls of identify {unknown}
 u - 4 scrolls of remove curse {unknown}
 w - a scroll of magic mapping {unknown}
 y - a scroll of random uselessness {unknown}
Potions
 d - a potion of brilliance {unknown}
 e - 4 potions of lignification {unknown}
 i - 2 potions of might {unknown}
 k - 2 potions of curing {unknown}
 q - a potion of agility {unknown}
 v - a potion of degeneration {unknown}
 z - a potion of haste {unknown}
 A - a potion of resistance {unknown}
 C - a potion of magic {unknown}
Comestibles
 b - 11 rations
 f - 4 chunks of flesh


   Skills:
 + Level 2.9 Fighting
 - Level 2.4 Dodging
 - Level 1.0 Stealth
 * Level 6.9 Unarmed Combat
 + Level 1.3 Invocations


You had 5 spell levels left.
You didn't know any spells.
Your spell library was empty.

Dungeon Overview and Level Annotations

Branches:
Dungeon (5/15)             Temple (1/1) D:4

Altars:
Ashenzari
Cheibriados
Dithmenos
Fedhas
Gozag
Hepliaklqana
Kikubaaqudgha
Makhleb
Nemelex Xobeh
Okawaru
Qazlal
Ru
Sif Muna
Trog
Uskayaw
Vehumet
Wu Jian
Xom
Yredelemnul
Zin
The Shining One


Innate Abilities, Weirdness & Mutations

You are too large for most types of armour.
You have claws for hands.
Your metabolism is lightning-fast.
You like to eat raw meat.
Your natural rate of healing is unusually fast.
You are covered in fur. (AC +1)
You have very tough skin. (AC +2)


Message History

Some of the chunks of flesh in your inventory have rotted away.
The centaur shoots an arrow.
The arrow hits you but does no damage.
The centaur shoots an arrow.
The arrow hits you!!
Things that are here:
2 arrows; a worker ant corpse The centaur unwields an uncursed shortbow.
The centaur hits you.
You claw the centaur! You claw the centaur.
The centaur is heavily wounded.
The centaur barely misses you.
You barely miss the centaur.
The centaur is moderately wounded.
The centaur hits you!
* * * LOW HITPOINT WARNING * * *
You barely miss the centaur. Your claw misses the centaur.
The centaur is moderately wounded.
The centaur hits you!
* * * LOW HITPOINT WARNING * * *
The centaur hits you.
You die...

#.# #...# #.#### #.รท.#
#....# #...#
#.##.###..###
#.##..#.....### ..
#.###...#<....#
..?.####.####........#
.........##.(.##........
...####..##@####......##
##...c.####.###..#
#....>........ .##
#.....(..##... #
#.............
#.............
#.............
##......).....
#............


You could see a centaur.

Vanquished Creatures
  A hound (D:4)
  3 orc wizards (D:4)
  Jessica (D:2)
  2 iguanas (D:4)
  3 worker ants
  A hound skeleton (D:4)
  2 adders
  3 worms
  3 dart slugs
  2 leopard geckos (D:4)
  11 orcs
  A ball python (D:1)
  11 bats
  5 giant cockroaches
  6 goblins
  4 hobgoblins
  4 jackals (D:1)
  12 kobolds
  2 quokkas
  6 frilled lizards
  10 rats
93 creatures vanquished.

Notes
Turn   | Place    | Note
-------+----------+-------------------------------------------
     0 | D:1      | Loge the Troll Monk began the quest for the Orb.
     0 | D:1      | Reached XP level 1. HP: 22/22 MP: 0/0
    81 | D:1      | Reached XP level 2. HP: 29/29 MP: 1/1
   299 | D:1      | Reached skill level 4 in Unarmed Combat
   470 | D:1      | Reached XP level 3. HP: 34/36 MP: 2/2
   717 | D:2      | Noticed Jessica
   723 | D:2      | Killed Jessica
   772 | D:2      | Reached skill level 5 in Unarmed Combat
   772 | D:2      | Reached XP level 4. HP: 38/44 MP: 3/3
  2116 | D:4      | Reached XP level 5. HP: 32/50 MP: 4/4
  2167 | D:4      | Reached skill level 6 in Unarmed Combat
  2274 | D:4      | Found a staircase to the Ecumenical Temple.
  2296 | Temple   | Entered the Ecumenical Temple
  2421 | Temple   | Became a worshipper of Makhleb the Destroyer
  2421 | Temple   | Reached * piety under Makhleb
  2421 | Temple   | Reached ** piety under Makhleb
  2709 | D:4      | Reached XP level 6. HP: 48/59 MP: 5/5
  2713 | D:4      | Reached skill level 1 in Invocations
  2957 | D:5      | Entered Level 5 of the Dungeon
  2998 | D:5      | HP: 2/59 [centaur (9)]
  2998 | D:5      | Slain by a centaur

Skill      XL: |  1  2  3  4  5  6 |
---------------+-------------------+-----
Unarmed Combat | 4 5 6 |  6.9
Invocations    | 1 |  1.3
Fighting       | |  2.9
Dodging        | |  2.4
Stealth        | |  1.0

Action                   |  1- 3 |  4- 6 || total
-------------------------+-------+-------++-------
Melee: Unarmed           |    80 |   172 ||   252
       Punch             |     1 |     4 ||     5
Throw: Stone             |       |     2 ||     2
 Stab: Sleeping          |     1 |     4 ||     5
  Eat: Chunk             |    13 |    20 ||    33
Armor: Robe              |    31 |    57 ||    88
Dodge: Dodged            |    46 |    84 ||   130
